 Dungeon Crawl Stone Soup version 0.28-a0-440-ge3cd3e9c68 (webtiles) character file.

Game seed: 4889315091047589714

85 gruber the Conjurer (level 4, 0/27 HPs)
             Began as an Octopode Conjurer on Sept 11, 2021.
             Slain by an iguana (4 damage)
             ... on level 3 of the Dungeon.
             The game lasted 00:02:30 (3194 turns).

gruber the Conjurer (Octopode Conjurer)             Turns: 3194, Time: 00:02:30

Health: 0/27       AC:  1    Str:  6    XL:     4   Next: 48%
Magic:  5/7        EV: 13    Int: 21    God:
Gold:   127        SH:  0    Dex: 16    Spells: 4/7 levels left

rFire   . . .      SeeInvis .   (no weapon)
rCold   . . .      Faith    .   (no shield)
rNeg    . . .      Spirit   .   (helmet restricted)
rPois   .          Reflect  .   (no amulet)
rElec   .          Harm     .   i - +6 ring of dexterity
rCorr   .          Rampage  .   (no ring)
Will    .....                   (no ring)
Stlth   +++.......              (no ring)
HPRegen 0.09/turn               (no ring)
MPRegen 0.10/turn               (no ring)
                                (no ring)
                                (no ring)

@: no status effects
A: almost no armour, amphibious, 8 rings, camouflage 1, gelatinous body 1,
(nimble swimmer 1), tentacles
a: no special abilities


You were on level 3 of the Dungeon.
You visited 1 branch of the dungeon, and saw 3 of its levels.

You collected 127 gold pieces.

Inventory:

Jewellery
 i - a +6 ring of dexterity (left tentacle)
Scrolls
 c - 3 scrolls of noise {unknown}
 f - a scroll of teleportation {unknown}
 g - a scroll of summoning {unknown}
 h - a scroll of amnesia {unknown}
 j - a scroll of identify {unknown}
 k - a scroll of blinking {unknown}
 m - a scroll of brand weapon {unknown}
Potions
 a - a potion of brilliance {unknown}
 b - a potion of might {unknown}
 d - a potion of curing {unknown}
 e - a potion of resistance {unknown}
 l - a potion of attraction {unknown}


   Skills:
 - Level 2.0 Dodging
 - Level 2.6 Stealth
 - Level 2.0 Spellcasting
 + Level 5.8 Conjurations


You had 4 spell levels left.
You knew the following spells:

 Your Spells              Type           Power      Damage    Failure   Level
a - Magic Dart            Conj           100%       1d8       1%          1
b - Searing Ray           Conj           52%        2d6       1%          2

Your spell library contained the following spells:

 Spells                   Type           Power      Damage    Failure   Level
 Foxfire                  Conj/Fire      56%        2x1d6     4%          1
 Conjure Flame            Conj/Fire      14%        6-21      13%         3
 Dazzling Flash           Conj/Hex       28%        N/A       13%         3
 Apportation              Tloc           4%         N/A       14%         1
 Gell's Gravitas          Tloc           1%         N/A       41%         3
 Inner Flame              Hex/Fire       2%         N/A       41%         3
 Lesser Beckoning         Tloc           2%         N/A       41%         3
 Teleport Other           Tloc           2%         N/A       41%         3
 Flame Wave               Conj/Fire      14%        3d5       41%         4
 Fulminant Prism          Conj/Hex       7%         3d7       41%         4
 Iskenderun's Mystic Bla  Conj/Tloc      14%        2d5       41%         4
 Alistair's Intoxication  Tmut/Pois      1%         N/A       99%         5
 Invisibility             Hex            1%         N/A       100%        6


Dungeon Overview and Level Annotations

Branches:
Dungeon (3/15)

Altars:

Shops:
D:1 [


Innate Abilities, Weirdness & Mutations

You cannot wear most types of armour.
You are amphibious.
You can wear up to eight rings at the same time.
Your skin changes colour to match your surroundings (Stealth+).
Your rubbery body absorbs attacks. (AC +1, EV +1)
((You are camouflaged near water. (Stealth+)))
You have tentacles for arms and can constrict up to eight enemies at once.


Message History

Unknown command.
The searing ray hits the rat!
You kill the rat!
Unknown command.
Unknown command.
A bat comes into view.
Your magical contamination has completely faded away.
A bat is nearby!
You see here an adder corpse.
You see here a rat corpse.
You tentacle-slap the bat. Your grab misses the bat.
The bat is moderately wounded.
The bat misses you.
An iguana comes into view.
The bat hits you but does no damage. x2
You tentacle-slap the bat. You grab the bat.
The bat is severely wounded.
You constrict the bat.
You kill the bat!
An iguana comes into view.
You closely miss the iguana.
The iguana hisses angrily.
You grab the iguana. You squeeze the iguana.
The iguana is lightly wounded.
You constrict the iguana, but do no damage.
The iguana bites you but does no damage.
You tentacle-slap the iguana but do no damage.
You squeeze the iguana.
The iguana is moderately wounded.
You constrict the iguana. The iguana bites you!
Ouch! That really hurt!
You release your grip on the iguana.
The iguana bites you.
You see here a rat corpse.
You see here an adder corpse.
There is a stone staircase leading down here.
The iguana bites you!
* * * LOW HITPOINT WARNING * * *
The iguana closely misses you. The iguana bites you.
You die...

>#####...............# #####..#
..##.#........#..#.#.#######.##
........l........#.#.......#.###
...#.##.###.#.#..#.#...........#
............#.#..#.#.##.##.#####
......#.###...#..#.#.##.##.#
##.............l......#.##.#
.........##....l.#.####.##.#
####.##..##...##@#.# #.##.#
#.##..##...##.#.# #.##.#
#.##..##...##.#.####.##.#
#.##..#######.#.........#
..##..# #.#.####.##.# ####...
....# #.##.# #..# #.#.####.#####
....[........# ##..####.###.#


You could see 2 iguanas.

Vanquished Creatures
  An adder (D:3)
  A white imp (D:3)
  4 worms (D:2)
  8 bats
  8 endoplasms (D:1)
  A giant cockroach (D:1)
  5 goblins
  4 hobgoblins
  A jackal (D:2)
  5 quokkas
  4 ball pythons
  8 frilled lizards
  5 rats
55 creatures vanquished.

Notes
Turn   | Place    | Note
-------+----------+-------------------------------------------
     0 | D:1      | gruber the Octopode Conjurer began the quest for the Orb.
     0 | D:1      | Reached XP level 1. HP: 11/11 MP: 3/3
   441 | D:1      | Reached XP level 2. HP: 4/17 MP: 0/5
  1134 | D:1      | Learned a level 2 spell: Searing Ray
  1234 | D:1      | Found Tigogh's Antique Armour Boutique.
  1289 | D:1      | Reached XP level 3. HP: 15/21 MP: 0/6
  1798 | D:2      | Reached skill level 5 in Conjurations
  2137 | D:2      | Found a faded altar of an unknown god.
  2743 | D:2      | Reached XP level 4. HP: 27/27 MP: 4/7
  3194 | D:3      | Slain by an iguana

Illustrated notes

Levels and vault maps discovered:
D:1:      minmay_arrival_plants_in_alcoves, layout_loops_corners, serial_shops,
          nicolae_square_shop, serial_aquarium, aquarium_bridge_straight
          [aquarium_subvault_bridge, aquarium_subvault_balcony,
          aquarium_subvault_bridge, aquarium_subvault_window],
          aquarium_window_1, aquarium_window_2, aquarium_window_3,
          aquarium_window_1, aquarium_view_2f, aquarium_pool_side
D:2:      layout_rooms, ebering_ecumenical_altar_webs,
          hangedman_decor_clover_reticule, amcnicky_mini_pool_small,
          minmay_heptomino_w4
D:3:      layout_basic, yredelemnul_forgotten_temple_becter,
          serial_bayou_pond_e, minmay_randomly_rotated_circles

Skill      XL: |  1  2  3 |
---------------+----------+-----
Conjurations   | 5 |  5.8
Dodging        | |  2.0
Stealth        | |  2.6
Spellcasting   | |  2.0

Action                   |  1- 3 |  4- 6 || total
-------------------------+-------+-------++-------
Melee: Unarmed           |    62 |    10 ||    72
       Constrict         |    10 |     5 ||    15
       Tentacles         |     8 |     2 ||    10
 Cast: Magic Dart        |    83 |    17 ||   100
       Searing Ray       |     1 |     1 ||     2
 Stab: Sleeping          |     4 |       ||     4
Armor: Skin              |     6 |     5 ||    11
Dodge: Dodged            |    41 |     7 ||    48

Table legend: (Time is in decaauts)
 A = Elapsed time spent in this place.
 B = Non-inter-level travel time spent in this place.
 C = Inter-level travel time spent in this place.
 D = Time resting spent in this place.
 E = Time spent auto-exploring this place.
 F = Levels seen in this place.
 G = Mean time per level.
                   A        B        C        D        E       F      G
               +--------+--------+--------+--------+--------+-----+--------+
         Total |   3193 |   3162 |     31 |      0 |   2759 |   3 | 1064.3 |
       Dungeon |   3193 |   3162 |     31 |      0 |   2759 |   3 | 1064.3 |
               +--------+--------+--------+--------+--------+-----+--------+

Top non-repeatable levels by time:
     D:1: 1723 daAuts
     D:2: 1087 daAuts
     D:3: 382 daAuts
